Map: 2000 Atmospheres LE

Players

oliM

  • Race: Protoss Protoss
  • League: Master

Krystianer - Winner!

  • Race: Protoss Protoss
  • League: Grandmaster

VOD

Have the link to the VOD?

Description

Time

  • Played on: July 29, 2021, 4:08 a.m.
  • Length: 10:15
Show
View Real Time Build Order
Export as new Build Order

oliM Protoss 

Build Orders: Zealot Archon 

Get SALT Encoding   

  12  0:00  Probe  
  13  0:12  Probe  
  14  0:18  Pylon  
  14  0:24  Probe  
  15  0:36  Probe (Chrono Boost)  
  15  0:37  Gateway  
  16  0:47  Assimilator  
  16  0:48  Probe (Chrono Boost)  
  17  0:52  Probe (Chrono Boost)  
  17  0:55  Assimilator  
  18  1:03  Probe (Chrono Boost)  
  19  1:13  Gateway  
  19  1:14  Probe (Chrono Boost)  
  20  1:18  Probe (Chrono Boost)  
  21  1:27  Cybernetics Core  
  21  1:30  Probe  
  22  1:38  Pylon  
  22  1:42  Probe  
  23  1:56  Probe  
  24  2:04  Sentry, Stalker, Warp Gate  
  29  2:08  Probe  
  29  2:14  Pylon  
  29  2:20  Probe  
  29  2:22  Pylon  
  30  2:37  Probe  
  30  2:38  Sentry  
  30  2:41  Sentry  
  35  2:50  Nexus  
  35  2:57  Probe (Chrono Boost)  
  36  3:07  Pylon  
  36  3:10  Probe (Chrono Boost)  
  36  3:12  Robotics Facility  
  37  3:17  Probe (Chrono Boost)  
  38  3:24  Probe (Chrono Boost)  
  39  3:30  Forge  
  40  3:35  Probe (Chrono Boost)  
  40  3:40  Probe (Chrono Boost)  
  41  3:50  Probe  
  41  3:53  Stalker  
  44  3:59  Observer  
  44  4:01  Protoss Ground Weapons Level 1 (Chrono Boost)  
  46  4:03  Probe (Chrono Boost)  
  46  4:06  Shield Battery  
  46  4:08  Probe (Chrono Boost)  
  47  4:12  Probe (Chrono Boost)  
  47  4:13  Adept  
  47  4:16  Probe (Chrono Boost)  
  51  4:17  Probe (Chrono Boost)  
  52  4:26  Probe  
  52  4:28  Immortal  
  57  4:32  Probe  
  56  4:38  Probe  
  56  4:44  Probe  
  58  4:51  Probe  
  59  4:54  Nexus  
  59  4:56  Probe  
  59  4:58  Pylon  
  60  5:03  Probe  
  60  5:05  Twilight Council  
  61  5:08  Probe  
  62  5:15  Pylon  
  62  5:16  Observer (Chrono Boost)  
  62  5:20  Probe  
  64  5:26  Gateway  
  64  5:27  Gateway, Probe  
  65  5:34  Immortal (Chrono Boost)  
  65  5:38  Probe  
  65  5:39  Probe  
  71  5:43  Charge  
  71  5:44  Assimilator  
  71  5:50  Probe  
  71  5:51  Probe  
  71  5:56  Shield Battery  
  73  6:01  Protoss Ground Weapons Level 2 (Chrono Boost)  
  73  6:02  Gateway, Probe  
  73  6:03  Gateway, Probe  
  75  6:10  Probe  
  76  6:14  Probe  
  76  6:15  Probe  
  78  6:22  Probe  
  78  6:23  Templar Archives  
  79  6:26  Probe  
  79  6:29  Gateway  
  79  6:32  Gateway  
  80  6:33  Pylon  
  80  6:35  Probe  
  80  6:38  Zealot  
  80  6:39  Zealot x2  
  86  6:40  Probe  
  86  6:44  Assimilator  
  87  6:49  Gateway  
  87  6:51  Gateway  
  87  6:53  Probe  
  88  6:58  Zealot x2  
  88  6:59  Pylon, Zealot  
  93  7:02  Zealot  
  95  7:10  Warp Prism  
  95  7:11  High Templar x2  
  95  7:14  Pylon  
  101  7:19  Archon  
  101  7:30  Nexus  
  101  7:31  Probe  
  101  7:33  Pylon  
  102  7:39  High Templar x2  
  102  7:40  Zealot x4  
  114  7:44  Pylon x2  
  114  7:45  Archon  
  114  8:05  Zealot x8  
  128  8:09  Robotics Bay, Probe  
  128  8:12  Photon Cannon  
  127  8:13  Shield Battery  
  127  8:16  Zealot  
  127  8:17  Zealot  
  124  8:25  Zealot x3  
  124  8:26  Zealot  
  119  8:30  Zealot  
  113  8:37  Zealot x2  
  113  8:38  Zealot  
  109  8:48  Zealot x3  
  108  8:58  Zealot x2  
  108  9:01  Warp Prism (Chrono Boost)  
  109  9:13  High Templar x4  
  109  9:16  Observer  
  117  9:18  Probe  
  117  9:19  Archon x2, Pylon  
  117  9:21  Probe x2  
  121  9:24  Probe  
  121  9:27  Disruptor (Chrono Boost)  
  121  9:30  Probe  
  125  9:33  Probe x2  
  127  9:45  Zealot x2  
  128  9:48  Zealot x5  
  128  9:52  Zealot  
  138  9:57  Probe  
  120  10:07  Zealot x4  
  120  10:13  Zealot x2  
Show
View Real Time Build Order
Export as new Build Order

Krystianer Protoss - Winner!

Build Orders: Zealot Archon 

Get SALT Encoding   

  12  0:00  Probe  
  13  0:12  Probe  
  14  0:17  Pylon  
  14  0:24  Probe (Chrono Boost)  
  16  0:36  Probe (Chrono Boost)  
  16  0:38  Gateway  
  16  0:42  Probe (Chrono Boost)  
  16  0:45  Assimilator  
  17  0:50  Probe  
  17  0:53  Assimilator  
  18  1:03  Probe (Chrono Boost)  
  19  1:07  Gateway  
  20  1:12  Probe (Chrono Boost)  
  20  1:17  Probe (Chrono Boost)  
  20  1:25  Cybernetics Core  
  21  1:29  Probe  
  21  1:32  Pylon  
  22  1:41  Probe  
  23  1:53  Probe  
  26  2:01  Sentry, Stalker, Warp Gate  
  26  2:05  Probe  
  29  2:12  Pylon  
  29  2:31  Nexus  
  29  2:38  Stalker  
  29  2:41  Sentry  
  33  2:45  Probe  
  34  2:51  Shield Battery  
  34  2:58  Pylon  
  34  3:01  Probe  
  35  3:08  Sentry  
  37  3:13  Probe (Chrono Boost)  
  38  3:23  Probe (Chrono Boost)  
  38  3:26  Twilight Council  
  39  3:28  Probe (Chrono Boost)  
  40  3:39  Probe (Chrono Boost)  
  41  3:45  Probe (Chrono Boost)  
  43  3:48  Probe (Chrono Boost)  
  43  3:50  Adept x2  
  43  3:53  Probe (Chrono Boost)  
  49  3:56  Probe (Chrono Boost)  
  49  3:58  Probe (Chrono Boost)  
  49  4:00  Forge  
  49  4:02  Blink (Chrono Boost)  
  50  4:06  Probe  
  52  4:10  Probe  
  52  4:13  Assimilator  
  52  4:18  Probe  
  52  4:22  Probe  
  54  4:30  Probe  
  55  4:34  Probe  
  54  4:42  Probe  
  53  4:45  Nexus  
  53  4:46  Probe, Protoss Ground Weapons Level 1 (Chrono Boost)  
  53  4:47  Pylon  
  53  4:51  Stalker x2  
  58  4:54  Pylon  
  58  4:56  Probe  
  58  4:58  Probe  
  60  5:07  Gateway  
  60  5:09  Gateway  
  60  5:10  Probe  
  60  5:12  Probe  
  62  5:20  Stalker x2  
  66  5:22  Pylon  
  66  5:24  Probe  
  66  5:25  Probe  
  68  5:37  Gateway, Probe x2  
  68  5:38  Gateway  
  70  5:46  Charge (Chrono Boost), Stalker  
  70  5:49  Stalker  
  74  5:53  Shield Battery  
  76  6:02  Templar Archives  
  76  6:03  Gateway  
  74  6:07  Gateway  
  74  6:10  Zealot x2  
  78  6:16  Zealot x2  
  82  6:22  Probe (Chrono Boost)  
  82  6:23  Pylon  
  85  6:26  Assimilator  
  85  6:27  Robotics Facility, Probe x2 (Chrono Boost)  
  86  6:33  Probe (Chrono Boost)  
  86  6:36  Probe x2 (Chrono Boost)  
  86  6:37  Probe (Chrono Boost)  
  89  6:40  High Templar  
  89  6:41  Pylon, High Templar  
  89  6:43  Pylon  
  89  6:46  Probe  
  94  6:48  Zealot x3  
  94  6:50  Archon, Probe  
  94  6:53  Pylon  
  101  6:59  Zealot x2, Protoss Ground Weapons Level 2 (Chrono Boost)  
  105  7:06  Pylon, Probe  
  106  7:11  Warp Prism (Chrono Boost)  
  106  7:13  Pylon  
  106  7:14  High Templar x2  
  112  7:19  Archon  
  112  7:21  Nexus  
  112  7:30  Zealot x4  
  112  7:35  Probe  
  112  7:36  Pylon, Probe  
  122  7:37  Pylon  
  122  7:39  High Templar  
  122  7:40  High Templar  
  126  7:45  Archon  
  126  7:46  Probe  
  126  7:47  Zealot x2  
  129  7:57  Zealot x4  
  137  7:59  Probe  
  134  8:06  Probe x2  
  136  8:19  Zealot x8  
  124  8:36  Probe  
  124  8:40  Gateway  
  115  8:43  Gateway  
  115  8:46  Gateway  
  115  8:48  High Templar x4  
  111  8:49  Gateway, Zealot x4  
  111  8:53  Shield Battery  
  113  8:57  Immortal (Chrono Boost)  
  113  8:59  Archon x2  
  113  9:01  Probe  
  104  9:10  Zealot x4  
  112  9:21  Zealot x3  
  112  9:22  Zealot  
  120  9:27  Photon Cannon  
  120  9:31  Zealot x4  
  128  9:42  High Templar x2  
  130  9:47  Zealot x6  
  130  9:49  Archon  
  130  9:50  Photon Cannon  
  142  9:52  Zealot  
  142  9:53  Zealot x3  
  142  9:55  Photon Cannon  
  148  10:09  Zealot x6  
  148  10:13  Zealot x4  
  148  10:14  Zealot x2  
Tags
 
Add a new tag
Caveats
  • Supply blocks, unpowered buildings, or Contaminate may cause inaccurate times.
  • Supply counts are checked every 10 seconds.